AoeStats
← [CL] Al3jandr0.magn00

Arabia

503598289Analyzed
1v1 RM · 1mo ago on Sep 1, 2026· 22m 14s· 2 players
Game mode
Random Map
Map size
Tiny (2 player)
Population
200
Speed
Normal
Resources
Standard
Victory
Conquest
Starting age
Dark Age
Ending age
Imperial Age
RankedLock teamsTeams togetherTeam positionsShared explorationLock speedFull tech treeHidden civsTurbo modeCheats
Victory
Defeat
🇦🇷 Portuguese · Argentina
1895
+13
🇭🇰 Berbers · Hong Kong SAR China
1820
-13
-GNG-OverHabit
6:58 Loom
10:03 Feudal Age
10:38 Double-Bit Axe
10:34 Horse Collar
11:29 Horse Collar
12:35 Bloodlines
15:55 Wheelbarrow
20:13 Scale Barding Armor
23:47 Castle Age
[CL] Al3jandr0.magn00
7:10 Loom
9:20 Feudal Age
9:28 Man-at-Arms
12:11 Double-Bit Axe
20:14 Fletching
20:52 Forging
Connection lost

Rejoining the realm…

Still unreachable

The connection could not be restored.

Session expired

The server has moved on; the page needs a fresh start.